 Dungeon Crawl Stone Soup version 0.20.1-1-g8b1a95d (webtiles) character file.

11 Nattfarinn the Sneak (level 2, 0/17 HPs)
             Began as an Octopode Enchanter on Aug 2, 2017.
             Slain by a bat (1 damage)
             ... on level 2 of the Dungeon.
             The game lasted 00:01:09 (710 turns).

Nattfarinn the Sneak (Octopode Enchanter)            Turns: 710, Time: 00:01:10

Health: 0/17       AC:  1    Str:  4 (7)  XL:     2   Next: 29%
Magic:  5/5        EV: 13    Int: 16 (17) God:
Gold:   92         SH:  0    Dex:  9 (12) Spells: 4/5 levels left

rFire    . . .     SeeInvis .   a - +1 dagger
rCold    . . .     Gourm    .   (no shield)
rNeg     . . .     Faith    .   (helmet restricted)
rPois    .         Spirit   .   (no amulet)
rElec    .         Reflect  .   (no ring)
rCorr    .         Harm     .   (no ring)
MR       .....                  (no ring)
Stlth    +++.......             (no ring)
Regen    0.1/turn               (no ring)
MPRegen  0.1/turn               (no ring)
                                (no ring)
                                (no ring)

@: no status effects
A: almost no armour, stealthy swim, amphibious, 8 rings, constrict 8, camouflage
1, gelatinous body 1
a: no special abilities


You were on level 2 of the Dungeon.
You were not hungry.

You visited 1 branch of the dungeon, and saw 2 of its levels.

You collected 92 gold pieces.

Inventory:

Hand Weapons
 a - a +1 dagger (weapon)
Missiles
 h - 20 poisoned needles
Scrolls
 d - a scroll of teleportation {unknown}
 e - 2 scrolls of identify {unknown}
 f - 2 scrolls of remove curse {unknown}
 j - 3 scrolls of immolation {unknown}
 m - a scroll of fog {unknown}
Potions
 g - a potion of curing {unknown}
 l - a potion of degeneration
 n - a potion of heal wounds {unknown}
Books
 b - a book of Maledictions

   Spells                             Type                      Level
   a - Corona                         Hexes                        1
   b - Ensorcelled Hibernation        Hexes/Ice                    2
   c - Confuse                        Hexes                        3
   d - Tukima's Dance                 Hexes                        3
   e - Dazzling Spray                 Conjuration/Hexes            3
Comestibles
 c - 2 bread rations
 i - 2 meat rations
 k - a royal jelly


   Skills:
 - Level 1.0 Short Blades
 - Level 2.0 Dodging
 + Level 4.5 Stealth
 - Level 2.0 Spellcasting
 * Level 3.3 Hexes


You had 4 spell levels left.
You knew the following spells:

 Your Spells              Type           Power        Failure   Level  Hunger
a - Corona                Hex            ##.....      5%          1    #......


Dungeon Overview and Level Annotations

Branches:
Dungeon (2/15)

Altars:


Innate Abilities, Weirdness & Mutations

You cannot wear most types of armour.
You are very stealthy in the water. (Stealth+)
You are amphibious.
You can wear up to eight rings at the same time.
You can use your tentacles to constrict eight enemies at once.
Your skin changes colour to match your surroundings (Stealth+).
Your rubbery body absorbs attacks. (AC +1, EV +1)


Message History

You are too injured to fight recklessly!
You are too injured to fight recklessly!
You are too injured to fight recklessly!
You are too injured to fight recklessly!
You are too injured to fight recklessly!
You are too injured to fight recklessly!
You are too injured to fight recklessly!
You are too injured to fight recklessly!
You release your grip on the quokka.
The bat hits you but does no damage.
The kobold throws a stone.
The stone hits you but does no damage.
You hit the quokka. You grab the quokka.
The quokka is heavily wounded.
You constrict the quokka, but do no damage.
The bat closely misses you. The bat misses you. The quokka bites you.
* * * LOW HITPOINT WARNING * * *
It was a potion of degeneration.
There was something very wrong with that liquid.
You feel weakened.
You feel dopey.
You feel clumsy. The bat hits you.
You die...

###...(....#
#....!..>#
######..#####
##.........$.##
##..(.........$#
#.............?.#
#####............)..#
.......)............#
.......r@...........#
......Kb............#
...................##
......#.....#.....##
......#############
...... ..... .....


You could see a quokka, a bat and a kobold.

Vanquished Creatures
  A bat (D:1)
  A giant cockroach (D:1)
  A goblin (D:1)
  A hobgoblin (D:1)
  3 frilled lizards (D:1)
  3 kobolds (D:1)
  3 rats (D:1)
13 creatures vanquished.

Notes
Turn   | Place    | Note
-------+----------+-------------------------------------------
     0 | D:1      | Nattfarinn the Octopode Enchanter began the quest for the Orb.
     0 | D:1      | Reached XP level 1. HP: 11/11 MP: 3/3
   246 | D:1      | Reached XP level 2. HP: 17/17 MP: 5/5
   710 | D:2      | Slain by a bat

Action                   || total
-------------------------++-------
Melee: Dagger            ||    22
       Constrict         ||     8
       Tentacles         ||     2
  Use: Potion            ||     1
 Stab: Sleeping          ||     7
Armor: Skin              ||     5
Dodge: Dodged            ||    15
